 Dungeon Crawl Stone Soup version 0.21.1-1-g345015fe64 (webtiles) character file.

163 walerik the Magician (level 5, -2/42 HPs)
             Began as a Hill Orc Wizard on May 8, 2018.
             Slain by a quokka (3 damage)
             ... on level 2 of the Dungeon.
             The game lasted 00:10:59 (2001 turns).

walerik the Magician (Hill Orc Wizard)              Turns: 2001, Time: 00:11:00

Health: -2/42      AC:  4    Str: 10    XL:     5   Next: 44%
Magic:  3/10       EV: 12    Int: 19    God:
Gold:   107        SH:  0    Dex:  9    Spells: 1/10 levels left

rFire    . . .     SeeInvis .   l - +2 whip (elec)
rCold    . . .     Gourm    .   (no shield)
rNeg     . . .     Faith    .   a - +0 robe
rPois    .         Spirit   .   n - +0 helmet
rElec    .         Reflect  .   (no cloak)
rCorr    .         Harm     .   i - +0 pair of gloves
MR       .....                  (no boots)
Stlth    ++........             (no amulet)
HPRegen  0.14/turn              (no ring)
MPRegen  0.12/turn              (no ring)

@: no status effects
A: no striking features
a: no special abilities


You were on level 2 of the Dungeon.
You were hungry.

You visited 1 branch of the dungeon, and saw 3 of its levels.

You collected 107 gold pieces.

Inventory:

Hand Weapons
 l - a +2 whip of electrocution (weapon)
Armour
 a - a +0 robe (worn)
 b - a +0 hat
 i - a +0 pair of gloves (worn)
 n - a +0 helmet (worn)
 o - a +1 plate armour of cold resistance
Scrolls
 f - a scroll of magic mapping {unknown}
 g - a scroll of teleportation
 h - 2 scrolls of fog
Potions
 e - 2 potions of brilliance
 j - a potion of might
Books
 c - a book of Minor Magic

   Spells                             Type                      Level
   a - Magic Dart                     Conjuration                  1
   b - Blink                          Translocation                2
   c - Call Imp                       Summoning                    2
   d - Slow                           Hexes                        2
   e - Conjure Flame                  Conjuration/Fire             3
   f - Mephitic Cloud                 Conjuration/Poison/Air       3
Comestibles
 d - 5 rations


   Skills:
 + Level 2.4 Fighting
 - Level 1.5 Dodging
 - Level 1.5 Stealth
 * Level 3.4 Spellcasting
 * Level 3.2 Conjurations
   Level 1.0 Summonings
 - Level 0.7 Translocations


You had one spell level left.
You knew the following spells:

 Your Spells              Type           Power        Failure   Level  Hunger
a - Magic Dart            Conj           ###.         3%          1    None
b - Blink                 Tloc           N/A          16%         2    ##.....
c - Conjure Flame         Conj/Fire      #.......     22%         3    ###....
d - Mephitic Cloud        Conj/Pois/Air  #.......     28%         3    ###....


Dungeon Overview and Level Annotations

Branches:
Dungeon (3/15)

Altars:
Ashenzari
Okawaru
Ru
Xom


Message History

The quokka bites you but does no damage.
There is a stone staircase leading down here.
Casting: Magic Dart
Confirm with . or Enter, or press ? or * to list all spells.
Aiming: Magic Dart
Press: ? - help, Shift-Dir - straight line, f - quokka
Aim: a quokka The magic dart hits the quokka.
The quokka is almost dead.
The quokka closely misses you.
You barely miss the quokka.
The quokka is almost dead.
The quokka completely misses you.
The quokka twitches its whiskers.
The quokka barely misses you.
The ogre hits you with a giant spiked club!!
Ouch! That really hurt!
* * * LOW HITPOINT WARNING * * *
The quokka bites you.
You die...

############### #..........#..#
#..........##.# #####
#...r@.....##.## #...#
#...O......##..# #...#
#>.........###.## #### ##..##
##.(.#.##### #..###... ##..#
#.###.# ######.....## #..# ##.#
#.###...........# #..# ##..#
#.....###.......#
#####..####..####..#### #.......#
#.........r§.......######.......#


You could see an ogre and a quokka.

Vanquished Creatures
  The ghost of waaargh the Charlatan, an amateur DrAr of Qazlal (D:3)
  A gnoll (D:3)
  An adder (D:2)
  An ooze (D:1)
  2 worms (D:2)
  2 dart slugs
  2 leopard geckos (D:1)
  An orc (D:3)
  2 bats (D:1)
  3 giant cockroaches
  4 goblins
  6 hobgoblins (D:1)
  4 jackals (D:1)
  2 frilled lizards (D:1)
  4 kobolds
  11 rats
47 creatures vanquished.

Notes
Turn   | Place    | Note
-------+----------+-------------------------------------------
     0 | D:1      | walerik the Hill Orc Wizard began the quest for the Orb.
     0 | D:1      | Reached XP level 1. HP: 14/14 MP: 3/3
   330 | D:1      | Reached XP level 2. HP: 15/22 MP: 0/5
   439 | D:1      | Learned a level 2 spell: Blink
   566 | D:1      | Reached skill level 1 in Fighting
   929 | D:1      | Reached XP level 3. HP: 22/28 MP: 1/7
   950 | D:1      | Found a snail-covered altar of Cheibriados.
   952 | D:1      | Found a shimmering altar of Xom.
   952 | D:1      | Found a sacrificial altar of Ru.
   954 | D:1      | Found an iron altar of Okawaru.
   954 | D:1      | Found a shimmering altar of Xom.
   954 | D:1      | Found a shattered altar of Ashenzari.
   992 | D:1      | Learned a level 3 spell: Conjure Flame
  1542 | D:2      | Reached XP level 4. HP: 35/35 MP: 0/8
  1697 | D:2      | Found a faded altar of an unknown god.
  1776 | D:3      | Noticed an ogre
  1915 | D:3      | Noticed waaargh's ghost (amateur DrAr)
  1949 | D:3      | Killed waaargh's ghost
  1949 | D:3      | Reached XP level 5. HP: 41/41 MP: 1/10
  1963 | D:3      | Learned a level 3 spell: Mephitic Cloud
  2001 | D:2      | HP: 1/42 [ogre/giant spiked club (27)]
  2001 | D:2      | Slain by a quokka

Skill      XL: |  1  2  3  4 |
---------------+-------------+-----
Fighting       | 1 2 |  2.4
Conjurations   | 2 3 |  3.2
Spellcasting   | 3 |  3.4
Dodging        | |  1.5
Stealth        | |  1.5
Summonings     | |  1.0
Translocations | |  0.7

Action                   |  1- 3 |  4- 6 || total
-------------------------+-------+-------++-------
Melee: Unarmed           |    10 |       ||    10
       Short sword       |    11 |       ||    11
       Hand axe          |    21 |     1 ||    22
       Whip              |       |    35 ||    35
 Cast: Magic Dart        |    95 |    28 ||   123
       Conjure Flame     |       |     1 ||     1
       Blink             |       |     1 ||     1
  Use: Potion            |     3 |     1 ||     4
       Scroll            |     5 |     2 ||     7
  Eat: Chunk             |     1 |     2 ||     3
Armor: Robe              |    20 |     4 ||    24
       Skin              |       |    22 ||    22
Dodge: Dodged            |    85 |    16 ||   101
